 Dungeon Crawl Stone Soup version 0.27-a0-1500-g450c7e4133 (webtiles) character file.

Game seed: 13257947287944477116

16 lunkers the Insei (level 2, -2/23 HPs)
             Began as a Djinni Warper on July 7, 2021.
             Slain by a quokka (3 damage)
             ... on level 2 of the Dungeon.
             The game lasted 00:01:40 (1609 turns).

lunkers the Insei (Djinni Warper)                   Turns: 1609, Time: 00:01:41

Health: -2/23      AC:  3    Str: 10    XL:     2   Next: 75%
Gold:   74         EV: 11    Int: 14    God:
                   SH:  0    Dex: 12

rFire    + + .     SeeInvis .     - Unarmed
rCold    x . .     Faith    .   (no shield)
rNeg     . . .     Spirit   .   a - +0 leather armour
rPois    ∞         Reflect  .   (no helmet)
rElec    .         Harm     .   (no cloak)
rCorr    .         Rampage  .   (no gloves)
Will     .....                  (boots unavailable)
Stlth    +.........             (no amulet)
HPRegen  0.07/turn              (no ring)
MPRegen  0.00/turn              (no ring)

@: flying
A: sickness immunity, fire resistance 2, cold vulnerability 1, float, innate
caster, hp casting, extra vitality 1
a: no special abilities


You were on level 2 of the Dungeon.
You visited 1 branch of the dungeon, and saw 2 of its levels.

You collected 74 gold pieces.

Inventory:

Missiles
 c - 5 boomerangs of dispersal
Armour
 a - a +0 leather armour (worn)
Scrolls
 b - a scroll of blinking
 d - a scroll of teleportation {unknown}
 e - a scroll of noise {unknown}
 g - 2 scrolls of identify {unknown}
 h - a scroll of amnesia {unknown}
Potions
 f - a potion of brilliance {unknown}


   Skills:
 - Level 2.0 Fighting
 - Level 0.7 Throwing
 - Level 1.0 Armour
 - Level 2.1 Dodging
 * Level 2.8 Unarmed Combat
 + Level 2.6 Spellcasting


You couldn't memorise any spells.
You knew the following spells:

 Your Spells              Type           Power      Damage    Failure   Level
b - Lesser Beckoning      Tloc           4%         N/A       30%         3
c - Gell's Gravitas       Tloc           4%         N/A       30%         3
d - Teleport Other        Tloc           9%         N/A       30%         3
e - Manifold Assault      Tloc           9%         N/A       96%         5
p - Blink                 Tloc           N/A        N/A       16%         2
Your spell library was empty.

Dungeon Overview and Level Annotations

Branches:
Dungeon (2/15)

Altars:


Innate Abilities, Weirdness & Mutations

You are immune to sickness and miasma.
You are immune to poison.
Your flesh is very heat resistant. (rF++)
You are vulnerable to cold. (rC-)
You float through the air rather than walking.
You learn spells naturally, not from books.
Your magical power is your life essence.
You have superior vitality. (+4 HP)


Message History

Found a kite shield.
You now have 52 gold pieces (gained 7).
g - 2 scrolls labelled CAYDAX OWNA (gained 1) No target in view!
You now have 61 gold pieces (gained 9).
You now have 68 gold pieces (gained 7).
You now have 74 gold pieces (gained 6).
Found a stone staircase leading down.
No target in view!
h - a scroll labelled ORIR UMMOUSH No target in view!
A quokka comes into view.
You barely miss the quokka.
The quokka bites you but does no damage.
You miss the quokka.
The quokka bites you but does no damage.
You closely miss the quokka. The quokka barely misses you.
You miss the quokka. The quokka misses you.
You closely miss the quokka. The quokka barely misses you. x2
You closely miss the quokka. The quokka bites you.
You completely miss the quokka. The quokka bites you.
You completely miss the quokka. The quokka bites you.
* * * LOW HITPOINT WARNING * * *
You hit the quokka but do no damage. The quokka bites you.
* * * LOW HITPOINT WARNING * * *
You closely miss the quokka. The quokka closely misses you.
You hit the quokka but do no damage. Your punch misses the quokka.
The quokka bites you.
* * * LOW HITPOINT WARNING * * *
You completely miss the quokka. The quokka bites you.
* * * LOW HITPOINT WARNING * * *
You closely miss the quokka.
The quokka bites you but does no damage.
You barely miss the quokka. The quokka closely misses you.
The quokka bites you.
* * * LOW HITPOINT WARNING * * *
You closely miss the quokka.
The quokka bites you but does no damage.
You hit the quokka but do no damage. The quokka barely misses you.
You barely miss the quokka. The quokka bites you.
You die...

...... ##.#... ## #.....
....... .#... ... #r#
##@## #...# #...# #
#...########.## #.
#..............
#.####....###..#[.# ..
##..............#..# . #
...................# . ..
##.......<.........#.#..#


You could see a quokka.

Vanquished Creatures
  A bat (D:1)
  An endoplasm (D:1)
  2 goblins (D:1)
  2 hobgoblins (D:1)
  3 jackals (D:1)
  3 kobolds (D:1)
  A rat (D:1)
13 creatures vanquished.

Notes
Turn   | Place    | Note
-------+----------+-------------------------------------------
     0 | D:1      | lunkers the Djinni Warper began the quest for the Orb.
     0 | D:1      | Reached XP level 1. HP: 18/18 MP: 0/0
   577 | D:1      | Found a faded altar of an unknown god.
   728 | D:1      | Reached XP level 2. HP: 17/23 MP: 0/0
  1606 | D:2      | HP: 1/23 [quokka (3)]
  1609 | D:2      | Slain by a quokka

Illustrated notes

Levels and vault maps discovered:
D:1:      saegor_arrival_under_anarchy, layout_loops_corners,
          chequers_ecumenical_altar_island, minmay_misc_feat_enclosed
D:2:      layout_loops_cross

Action                   || total
-------------------------++-------
Melee: Unarmed           ||    83
       Punch             ||     1
Armor: Leather armour    ||    21
Dodge: Dodged            ||    43

Table legend: (Time is in decaauts)
 A = Elapsed time spent in this place.
 B = Non-inter-level travel time spent in this place.
 C = Inter-level travel time spent in this place.
 D = Time resting spent in this place.
 E = Time spent auto-exploring this place.
 F = Levels seen in this place.
 G = Mean time per level.
                   A        B        C        D        E       F      G
               +--------+--------+--------+--------+--------+-----+--------+
         Total |   1605 |   1549 |     56 |    247 |   1163 |   2 |  802.5 |
       Dungeon |   1605 |   1549 |     56 |    247 |   1163 |   2 |  802.5 |
               +--------+--------+--------+--------+--------+-----+--------+

Top non-repeatable levels by time:
     D:1: 1553 daAuts
     D:2: 51 daAuts
